 Dungeon Crawl Stone Soup version 0.31.0-9-g3a7656b989 (webtiles) character file.

Game seed: 11024288174452790512

81 H0rd4k the Charlatan (level 4, -11/35 HPs)
             Began as a Human Artificer on Feb 2, 2024.
             Killed by divine providence
             ... invoked by an orc priest
              (13 damage)
             ... on level 3 of the Dungeon.
             The game lasted 00:01:57 (2110 turns).

H0rd4k the Charlatan (Human Artificer)              Turns: 2110, Time: 00:01:58

Health: -11/35     AC:  6    Str: 18    XL:     4   Next: 42%
Magic:  4/4        EV: 11    Int: 13    God:
Gold:   208        SH:  0    Dex: 14    Spells: 3/3 levels left

rFire   . . .        l - +0 dagger (elec)
rCold   . . .        (no shield)
rNeg    . . .        b - +0 leather armour
rPois   .            (no helmet)
rElec   .            j - +2 cloak
rCorr   .            (no gloves)
SInv    .            (no boots)
Will    .....        (no amulet)
Stlth   +            h - +6 ring of strength
HPRegen 0.25/turn    (no ring)
MPRegen 0.09/turn

%: no passive effects
@: no status effects
A: explore regen
a: no special abilities


You were on level 3 of the Dungeon.
You visited 1 branch of the dungeon, and saw 3 of its levels.

You collected 208 gold pieces.

Inventory:

Hand Weapons
 i - a +1 dagger of holy wrath
 l - a +0 dagger of electrocution (weapon)
Armour
 b - a +0 leather armour (worn)
 j - a +2 cloak (worn)
Magical Staves
 m - a staff of death
Jewellery
 h - a +6 ring of strength (left hand)
 o - a ring of ice
 p - a ring of fire
 w - a +6 ring of intelligence
Wands
 c - a wand of flame (12) (quivered)
 d - a wand of charming (14)
 e - a wand of iceblast (4)
 s - a wand of mindburst (11)
Scrolls
 a - 3 scrolls of teleportation {unknown}
 f - 2 scrolls of fear {unknown}
 g - 2 scrolls of vulnerability {unknown}
 k - a scroll of silence {unknown}
 n - a scroll of enchant armour {unknown}
 r - a scroll of revelation {unknown}
 u - a scroll of fog {unknown}
Potions
 q - a potion of invisibility {unknown}
 t - a potion of curing {unknown}
 v - a potion of berserk rage {unknown}


   Skills:
 + Level 3.0 Fighting
 + Level 2.5 Short Blades
 - Level 2.0 Armour
 - Level 1.0 Dodging
 - Level 1.0 Stealth
 - Level 3.0 Evocations


You had 3 spell levels left.
You didn't know any spells.
Your spell library contained the following spells:

 Spells                   Type           Power      Damage    Failure   Level
 Sandblast                Erth           0%         2d4       36%         1
 Passwall                 Erth           0%         N/A       73%         3
 Stone Arrow              Conj/Erth      0%         3d7       73%         3
 Tukima's Dance           Hex            0%         N/A       73%         3
 Brom's Barrelling Bould  Conj/Erth      0%         2d3       98%         4
 Passage of Golubria      Tloc           0%         N/A       98%         4
 Yara's Violent Unravell  Hex/Alch       0%         3d3       100%        5


Dungeon Overview and Level Annotations

Branches:
Dungeon (3/15)

Altars:
Zin


Innate Abilities, Weirdness & Mutations

You regain HP and MP as you explore.


Message History

No target in view!
Found an escape hatch in the floor.
No target in view!
f - 2 scrolls labelled BOHOPH WISERUR (gained 1)
An orc priest and an orc come into view.
An orc, an orc priest and a dart slug come into view.
The orc is wielding a +0 flail of holy wrath.
The orc shouts!
The orc priest shouts! x2; You hear a shout!
The orc priest moves out of view.
There are monsters nearby!
Found 5 javelins.
The orc priest mumbles some strange prayers to Beogh against you.
Beogh smites you!
There are monsters nearby!
The orc priest hits you with a +0 mace.
There are monsters nearby!
The orc shouts!
The orc priest invokes the aid of Beogh against you.
Beogh smites you! The dart slug launches a dart at you.
The slug dart misses you.
The orc priest mumbles some strange prayers to Beogh against you.
Beogh smites you!
* * * LOW HITPOINT WARNING * * *
The dart slug briefly extends its eye-stalks.
The dart slug launches a dart at you. The slug dart misses you.
Aiming: Iceblast
Press: ? - help, Shift-Dir - straight line, f - orc priest
Aim: an orc priest, wielding a +0 dagger and wearing a +0 leather armour The mass of ice explodes!
The iceblast engulfs the orc priest!
The orc priest is almost dead.
The iceblast engulfs the orc priest!
The orc priest is almost dead.
The iceblast engulfs the orc!!
You kill the orc!
Your Fighting skill increases to level 3!
The orc priest calls down the wrath of Beogh upon you.
Beogh smites you!
You die...

#.......+
'.####### .###..#
### ......# #
......# #
##......#
#.w.....#
#.#)....#
######o.>....#
#...@.oo....#
#.#####........
#.# #....#.## ##.#
#....#
####..#####(.....
#........#########
#........#
#####........#
#........#####


You could see 2 orc priests and an orc.

Vanquished Creatures
  2 gnolls (D:2)
  An adder (D:3)
  A ribbon worm (D:3)
  A dart slug (D:3)
  2 orcs (D:3)
  4 bats
  6 endoplasms
  2 giant cockroaches
  3 goblins (D:3)
  4 hobgoblins
  2 quokkas
  7 ball pythons
  A frilled lizard (D:1)
  3 kobolds
  A rat (D:3)
40 creatures vanquished.

Vanquished Creatures (collateral kills)
  A gnoll (D:2)
1 creature vanquished.

Grand Total: 41 creatures vanquished

Notes
Turn   | Place    | Note
-------+----------+-------------------------------------------
     0 | D:1      | H0rd4k the Human Artificer began the quest for the Orb.
     0 | D:1      | Reached XP level 1. HP: 15/15 MP: 1/1
   708 | D:1      | Reached XP level 2. HP: 22/22 MP: 2/2
  1102 | D:2      | Reached skill level 1 in Short Blades
  1318 | D:2      | Reached XP level 3. HP: 19/28 MP: 3/3
  1767 | D:3      | Reached XP level 4. HP: 31/34 MP: 4/4
  1917 | D:3      | Found a glowing silver altar of Zin.
  2110 | D:3      | Killed from afar by an orc priest

Illustrated notes

Levels and vault maps discovered:
D:1:      dpeg_arrival_snail, layout_basic
D:2:      layout_loops_cross, grunt_ministairs_13, minmay_distorted
D:3:      layout_basic, mainiacjoe_overflow_24_doors

Skill      XL: |  1  2  3  4 |
---------------+-------------+-----
Fighting       | 2 3 |  3.0
Short Blades   | 1 2 |  2.5
Armour         | |  2.0
Dodging        | |  1.0
Stealth        | |  1.0
Evocations     | |  3.0

Action                     |  1- 3 |  4- 6 || total
---------------------------+-------+-------++-------
  Melee: Dagger            |   100 |    39 ||   139
         Club              |     8 |       ||     8
         Punch             |     1 |       ||     1
  Evoke: Wand              |     4 |     1 ||     5
   Stab: Sleeping          |     2 |     2 ||     4
 Armour: Leather armour    |    59 |    16 ||    75
  Dodge: Dodged            |    59 |    18 ||    77
